 Dungeon Crawl Stone Soup version 0.21-a0-417-g0adc95b (webtiles) character file.

213 Koleisus the Shield-Bearer (level 5, -8/47 HPs)
             Began as a Hill Orc Fighter on Nov 3, 2017.
             Mangled by a thrashing horror (10 damage)
             ... created by the touch of Lugonu
             ... on level 2 of the Dungeon.
             The game lasted 00:10:03 (2156 turns).

Koleisus the Shield-Bearer (Hill Orc Fighter)       Turns: 2156, Time: 00:10:04

Health: -8/47      AC:  7    Str: 20    XL:     5   Next: 90%
Magic:  5/5        EV:  8    Int:  8    God:
Gold:   100        SH:  9    Dex: 10    Spells: 4/4 levels left

rFire    . . .     SeeInvis .   a - +0 trident
rCold    . . .     Gourm    .   c - +0 shield
rNeg     . . .     Faith    .   b - +0 scale mail
rPois    .         Spirit   .   (no helmet)
rElec    .         Reflect  .   (no cloak)
rCorr    .         Harm     .   (no gloves)
MR       .....                  (no boots)
Stlth    ..........             (no amulet)
HPRegen  0.15/turn              (no ring)
MPRegen  0.09/turn              (no ring)

@: very slightly contaminated, invisible
A: no striking features
a: no special abilities


You were on level 2 of the Dungeon.
You were hungry.

You visited 1 branch of the dungeon, and saw 3 of its levels.

You collected 100 gold pieces.

Inventory:

Hand Weapons
 a - a +0 trident (weapon)
Armour
 b - a +0 scale mail (worn)
 c - a +0 shield (worn)
 t - a +3 scale mail of fire resistance
Wands
 u - a wand of flame (5/48)
Scrolls
 h - a scroll of teleportation {unknown}
 i - 2 scrolls of recharging {unknown}
 k - a scroll of enchant weapon {unknown}
 l - a scroll of amnesia {unknown}
 n - a scroll of fog {unknown}
 o - 2 scrolls of enchant armour {unknown}
 r - 2 scrolls of identify {unknown}
 s - a scroll of immolation {unknown}
Potions
 e - a potion of ambrosia {unknown}
 g - a potion of invisibility
 j - 2 potions of curing
 p - 2 potions of brilliance {unknown}
 q - 2 potions of mutation {unknown}
Comestibles
 d - 2 chunks of flesh
 f - a bread ration
 m - a royal jelly


   Skills:
 + Level 4.4 Fighting
 + Level 3.6 Polearms
 + Level 4.3 Armour
 + Level 0.8 Dodging
 + Level 4.8 Shields


You had 4 spell levels left.
You didn't know any spells.

Dungeon Overview and Level Annotations

Branches:
Dungeon (3/15)

Altars:
Ashenzari
Cheibriados
Lugonu


Message History

You can't see that place. [a rock wall.] It was a potion of invisibility.
You fade into invisibility!
The thrashing horror tramples you!
* * * LOW HITPOINT WARNING * * *
You stumble backwards!
You are very lightly contaminated with residual magic.
You block the thrashing horror's attack.
The thrashing horror barely misses you.
The thrashing horror roars!
The thrashing horror tramples you but does no damage.
You block the thrashing horror's attack.
You are feeling hungry.
The thrashing horror roars!
You block the thrashing horror's attack.
The thrashing horror tramples you but does no damage.
The thrashing horror roars!
The thrashing horror tramples you!
You die...

.......# ...[...# ####
.......####..#
.............#
..).....####.# #######
.............###.....####
...)....####............#
.......## #.###X...♣...##
#.###.## #.# #@..♣.♣...#
#.#...# #.# ##.♣._.♣..#
....### #.# #..♣.♣...##
...## #.# #...♣.....# ..##
#..###.........# ..#####
##..##.........# ......#
######............#
......###.)...............#
...)....).#######.........#


You could see a thrashing horror.

Vanquished Creatures
  Jessica (D:2)
  Terence (D:2)
  Natasha (thrice) (D:2)
  Robin (D:2)
  2 adders (D:2)
  A worm (D:2)
  2 dart slugs
  A leopard gecko (D:2)
  A giant cockroach (D:1)
  15 goblins
  6 hobgoblins
  4 kobolds
  5 bats
  2 frilled lizards (D:1)
  11 rats
56 creatures vanquished.

Notes
Turn   | Place    | Note
-------+----------+-------------------------------------------
     0 | D:1      | Koleisus the Hill Orc Fighter began the quest for the Orb.
     0 | D:1      | Reached XP level 1. HP: 19/19 MP: 1/1
    51 | D:1      | Reached XP level 2. HP: 26/27 MP: 2/2
   362 | D:2      | Noticed Natasha
   738 | D:1      | Reached XP level 3. HP: 30/33 MP: 3/3
  1111 | D:2      | Killed Natasha
  1457 | D:2      | Reached XP level 4. HP: 31/40 MP: 4/4
  1547 | D:2      | Found a snail-covered altar of Cheibriados.
  1647 | D:2      | Noticed Robin
  1647 | D:2      | Noticed Natasha
  1650 | D:2      | Noticed Jessica
  1694 | D:2      | Killed Natasha
  1724 | D:2      | Killed Robin
  1724 | D:2      | Reached XP level 5. HP: 17/46 MP: 5/5
  1729 | D:2      | Killed Jessica
  2045 | D:2      | Found a faded altar of an unknown god.
  2070 | D:2      | Became a worshipper of Lugonu the Unformed
  2070 | D:2      | Reached * piety under Lugonu
  2070 | D:2      | Reached ** piety under Lugonu
  2073 | D:2      | Fell from the grace of Lugonu
  2088 | D:2      | Noticed Terence
  2102 | D:2      | Killed Terence
  2107 | D:2      | Found a shattered altar of Ashenzari.
  2117 | D:2      | Noticed Natasha
  2129 | D:2      | Killed Natasha
  2148 | D:2      | Noticed a thrashing horror
  2151 | D:2      | HP: 1/47 [thrashing horror[the touch of Lugonu] (14)]
  2156 | D:2      | Mangled by a thrashing horror

Vault maps used:
D:1:      ncdulo_halloftheorcs, minmay_stone_trees_small, minmay_door_square
D:2:      kennysheep_slug_shrine, evilmike_ruin_ashenzari,
          chequers_ecumenical_altar_simple_redux, first_bread,
          grunt_decor_fettered, uniq_terence, uniq_natasha, uniq_jessica,
          uniq_robin
D:3:      lemuel_round_altar, lemuel_round_altar, lemuel_blue_sif_altar

Skill      XL: |  1  2  3  4  5 |
---------------+----------------+-----
Fighting       | 4 |  4.4
Shields        | 4 |  4.8
Armour         | 4 |  4.3
Polearms       | 3 |  3.6
Dodging        | |  0.8

Action                   |  1- 3 |  4- 6 || total
-------------------------+-------+-------++-------
Melee: Trident           |   112 |   121 ||   233
Invok: Renounce Religion |       |     1 ||     1
  Use: Potion            |     1 |     2 ||     3
  Eat: Royal jelly       |     1 |       ||     1
       Chunk             |       |     2 ||     2
Armor: Scale mail        |    35 |    51 ||    86
Dodge: Dodged            |    27 |    36 ||    63
Block: Shield            |    60 |    54 ||   114

Table legend:
 A = Spawn XP
 B = Non-spawn XP
 C = Spawn XP percentage of total XP
 D = Spawn monster count
 E = Non-spawn monster count
 F = Spawn count percentage of total count
 G = Total turns spent on level
                    A         B        C        D         E        F      G
               +---------+---------+-------+---------+---------+-------+---------
         Total |       0 |     305 |   0.0 |       0 |      56 |   0.0 |  2156
               +---------+---------+-------+---------+---------+-------+---------
           D:1 |       0 |      37 |   0.0 |       0 |      24 |   0.0 |  1074
           D:2 |       0 |     268 |   0.0 |       0 |      32 |   0.0 |  1078
               +---------+---------+-------+---------+---------+-------+---------
